AoeStats
← pabloms8

Highland

505087463Analyzed
2v2 RM · 25d ago on Sep 7, 2026· 61m 32s· 4 players
Game mode
Random Map
Map size
Medium (4 player)
Population
200
Speed
Normal
Resources
Standard
Victory
Conquest
Starting age
Dark Age
Ending age
Imperial Age
RankedLock teamsTeams togetherTeam positionsShared explorationLock speedFull tech treeHidden civsTurbo modeCheats
Victory
Defeat
🇪🇸 Spanish · Spain
872
+27
🇪🇸 Mongols · Spain
833
+27
🇪🇸 Georgians · Spain
840
-15
🇪🇸 Bulgarians · Spain
840
-15
perrusco
10:29 Feudal Age
18:08 Castle Age
19:26 Medium Warships
19:20 Double-Bit Axe
29:49 Wheelbarrow
33:09 Imperial Age
34:57 Chemistry
34:21 Bloodlines
34:18 Horse Collar
35:12 Padded Archer Armor
35:02 Fletching
35:18 Scale Barding Armor
35:23 Forging
35:31 Loom
36:39 Siege Engineers
38:41 Conscription
38:44 Chain Barding Armor
38:34 Forging
38:41 Leather Archer Armor
38:21 Bodkin Arrow
39:33 Elite Skirmisher
40:59 Aznauri Cavalry
42:05 Svan Towers
42:49 Elite Monaspa
44:27 Husbandry
49:28 Plate Barding Armor
49:28 Iron Casting
48:20 Pikeman
49:01 Squires
51:07 Halberdier
pabloms8
9:14 Loom
11:43 Feudal Age
14:17 Double-Bit Axe
16:59 Town Watch
20:49 Castle Age
20:31 Horse Collar
21:16 Stone Mining
21:44 Bow Saw
22:42 Medium Warships
23:42 Wheelbarrow
26:26 Hand Cart
26:20 Town Patrol
28:55 Scale Mail Armor
29:06 Forging
29:33 Heavy Plow
33:14 Imperial Age
32:55 Chain Mail Armor
33:15 Iron Casting
33:06 Ballistics
33:56 Elite Konnik
36:07 Chemistry
35:15 Siege Engineers
36:09 Siege Engineers
35:42 Elite Skirmisher
37:58 Blast Furnace
37:04 Scale Barding Armor
37:30 Plate Mail Armor
37:07 Squires
36:53 Arson
36:51 Heavy Scorpion
38:05 Masonry
38:09 Careening
38:13 Clinker Construction
38:42 Coinage
39:58 Fletching
40:29 Chain Barding Armor
40:34 Conscription
40:15 Stirrups
40:35 Bodkin Arrow
40:52 Thumb Ring
42:05 Bagains
42:54 Banking
43:24 Plate Barding Armor
44:42 Pikeman
47:48 Bracer
47:46 Halberdier
49:16 Gambesons
50:34 Heavy Warships
53:28 Architecture
ferbalsan
3:51 Loom
11:20 Feudal Age
15:33 Castle Age
24:26 Double-Bit Axe
25:48 Horse Collar
27:31 Wheelbarrow
26:44 Town Watch
28:21 Bow Saw
28:56 Hand Cart
28:44 Town Patrol
29:57 Heavy Plow
34:06 Imperial Age
31:31 Stone Mining
31:33 Gold Mining
31:51 Scale Barding Armor
31:47 Padded Archer Armor
34:12 Leather Archer Armor
33:47 Fletching
34:18 Chain Barding Armor
34:20 Ballistics
34:11 Masonry
36:46 Chemistry
36:32 Husbandry
36:44 Bloodlines
35:57 Light Cavalry
36:00 Heavy Camel Rider
36:02 Elite Steppe Lancer
36:51 Devotion
36:48 Bodkin Arrow
37:03 Forging
37:01 Siege Engineers
37:06 Masonry
38:19 Bracer
38:33 Fortified Wall
38:20 Murder Holes
40:27 Stone Shaft Mining
40:28 Gold Shaft Mining
42:03 Coinage
41:36 Caravan
42:33 Thumb Ring
42:55 Parthian Tactics
42:38 Nomads
43:00 Drill
44:49 Elite Mangudai
53:16 Capped Ram
55:40 Iron Casting
54:43 Siege Ram
55:36 Onager
Angel_bs10
11:12 Feudal Age
17:12 Castle Age
16:20 Double-Bit Axe
22:31 Loom
22:45 Horse Collar
25:14 Town Watch
26:40 Fletching
28:05 Bow Saw
29:40 Wheelbarrow
30:10 Town Patrol
30:38 Forging
30:33 Scale Barding Armor
30:29 Padded Archer Armor
30:40 Heavy Plow
31:08 Husbandry
30:32 Man-at-Arms
32:00 Scale Mail Armor
33:13 Bloodlines
33:33 Gold Mining
33:34 Stone Mining
34:05 Hand Cart
37:17 Imperial Age
35:10 Ballistics
35:00 Fortified Wall
36:32 Light Cavalry
38:29 Stone Shaft Mining
38:17 Chain Barding Armor
38:33 Iron Casting
37:53 Long Swordsman
38:18 Gambesons
38:17 Elite Conquistador
38:25 Cavalier
39:30 Conscription
41:11 Chemistry
40:06 Murder Holes
42:21 Bombard Tower
41:51 Guard Tower
42:12 Masonry
41:43 Paladin
44:08 Caravan
44:19 Guilds
44:39 Coinage
48:49 Supremacy
50:13 Banking
51:55 Plate Barding Armor
51:35 Leather Archer Armor
51:16 Bodkin Arrow
52:21 Blast Furnace
51:37 Chain Mail Armor
51:57 Capped Ram
53:19 Hoardings
54:23 Two-Man Saw
53:59 Architecture
54:05 Keep
53:15 Arrowslits
53:37 Siphons
53:52 Shipwright
53:43 Clinker Construction
53:43 Careening
54:10 Siege Ram
56:09 Ring Archer Armor
55:40 Bracer
Connection lost

Rejoining the realm…

Still unreachable

The connection could not be restored.

Session expired

The server has moved on; the page needs a fresh start.